AoeStats
← 理御

African Clearing

510488436Analyzed
4v4 RM · 12h ago on Oct 1, 2026· 38m 9s· 8 players
Game mode
Random Map
Map size
Large (8 player)
Population
200
Speed
Normal
Resources
Standard
Victory
Conquest
Starting age
Dark Age
Ending age
Imperial Age
RankedLock teamsTeams togetherTeam positionsShared explorationLock speedFull tech treeHidden civsTurbo modeCheats
Victory
Defeat
1703
+14
🇨🇳 Varangians · China
1693
+14
🇺🇸 Chinese · United States
1581
+19
🇵🇹 Mongols · Portugal
1554
+19
🇩🇿 Koreans · Algeria
1703
-19
🇬🇧 Varangians · United Kingdom
1654
-17
🇻🇳 Bulgarians · Vietnam
1615
-15
🇻🇳 Mongols · Vietnam
1601
-15
aKetbuscugioi
11:08 Feudal Age
12:42 Loom
14:05 Forging
15:43 Scale Barding Armor
18:54 Bloodlines
26:25 Castle Age
26:36 Light Cavalry
27:57 Iron Casting
32:35 Fletching
JustAGecko
8:19 Loom
13:22 Feudal Age
17:04 Castle Age
15:50 Double-Bit Axe
19:24 Bow Saw
21:27 Horse Collar
31:10 Wheelbarrow
32:42 Hand Cart
32:42 Town Watch
33:27 Gold Mining
33:29 Stone Mining
34:22 Scale Barding Armor
35:54 Forging
36:16 Bloodlines
36:06 Husbandry
39:38 Imperial Age
38:31 Iron Casting
hl.exe
5:44 Loom
14:13 Feudal Age
18:56 Castle Age
17:02 Double-Bit Axe
25:12 Bow Saw
26:17 Fishing Lines
30:13 Scale Mail Armor
32:19 Gillnets
35:15 Wheelbarrow
40:02 Imperial Age
38:13 Fletching
38:54 Hand Cart
Eagles_SlGiap
13:43 Feudal Age
15:48 Loom
19:26 Castle Age
18:02 Fishing Lines
18:19 Horse Collar
18:47 Double-Bit Axe
21:09 Wheelbarrow
25:50 Heavy Plow
31:51 Imperial Age
30:44 Ballistics
30:38 Gold Mining
30:39 Stone Mining
31:48 Hand Cart
31:30 Fletching
31:51 Forging
31:46 Scale Barding Armor
冰人
10:57 Feudal Age
11:33 Double-Bit Axe
16:17 Forging
16:44 Scale Barding Armor
17:16 Bloodlines
19:01 Horse Collar
20:15 Loom
22:54 Town Watch
30:39 Castle Age
30:38 Light Cavalry
31:22 Husbandry
理御
11:08 Loom
12:53 Feudal Age
17:19 Castle Age
15:15 Double-Bit Axe
16:17 Horse Collar
18:15 Bow Saw
18:40 Heavy Plow
24:09 Town Watch
25:07 Wheelbarrow
25:13 Gold Mining
25:33 Town Watch
27:04 Husbandry
27:32 Bloodlines
29:09 Scale Barding Armor
29:15 Forging
29:23 Hand Cart
29:28 Bloodlines
32:07 Imperial Age
30:16 Chain Barding Armor
32:13 Iron Casting
32:13 Cavalier
32:17 Capped Ram
33:39 Plate Barding Armor
32:51 Vendel Legacy
38:07 Blast Furnace
37:33 Stone Mining
38:51 Two-Man Saw
38:22 Crop Rotation
37:57 Siege Ram
trói em vào cột điện
13:22 Feudal Age
17:39 Castle Age
15:48 Double-Bit Axe
16:55 Fishing Lines
17:12 Loom
18:38 Bow Saw
23:15 Horse Collar
24:44 Wheelbarrow
26:35 Heavy Plow
26:27 Gillnets
31:55 Imperial Age
29:51 Gambesons
30:07 Squires
29:52 Arson
30:10 Scale Mail Armor
30:21 Forging
30:35 Gold Mining
30:36 Stone Mining
31:54 Gold Shaft Mining
31:48 Chain Mail Armor
32:46 Hand Cart
32:17 Town Watch
32:06 Elite Varangian Guard
34:00 Plate Mail Armor
34:05 Iron Casting
33:33 Shield Wall
36:29 Coinage
36:35 Fletching
37:54 Banking
37:42 Bodkin Arrow
39:14 Chemistry
38:35 Ballistics
38:26 Masonry
Benedict Cucumberpatch
2:54 Loom
11:23 Feudal Age
16:51 Castle Age
15:20 Double-Bit Axe
15:28 Horse Collar
17:32 Town Watch
18:08 Fletching
23:39 Bodkin Arrow
Connection lost

Rejoining the realm…

Still unreachable

The connection could not be restored.

Session expired

The server has moved on; the page needs a fresh start.